 Dungeon Crawl Stone Soup version 0.27.1-34-g3ba077fa99 (webtiles) character file.

Game seed: 11058164446759927083

5 cbfl8 the Sneak (level 1, -3/20 HPs)
             Began as a Minotaur Delver on Jan 14, 2022.
             Slain by Prince Ribbit (9 damage)
             ... on level 5 of the Dungeon.
             The game lasted 00:00:52 (47 turns).

cbfl8 the Sneak (Minotaur Delver)                     Turns: 47, Time: 00:00:53

Health: -3/20      AC:  3    Str: 16    XL:     1   Next: 66%
Magic:  0/0        EV: 11    Int:  7    God:
Gold:   0          SH:  0    Dex: 11    Spells: 0/0 levels left

rFire    . . .     SeeInvis .   a - +0 hand axe
rCold    . . .     Faith    .   (no shield)
rNeg     . . .     Spirit   .   b - +0 leather armour
rPois    .         Reflect  .   (helmet restricted)
rElec    .         Harm     .   (no cloak)
rCorr    .         Rampage  .   (no gloves)
Will     .....                  (no boots)
Stlth    ++........             (no amulet)
HPRegen  0.06/turn              (no ring)
MPRegen  0.07/turn              (no ring)

@: no status effects
A: horns 2, retaliatory headbutt
a: no special abilities


You were on level 5 of the Dungeon.
You visited 1 branch of the dungeon, and saw 2 of its levels.

Inventory:

Hand Weapons
 a - a +0 hand axe (weapon)
Armour
 b - a +0 leather armour (worn)
Wands
 g - a wand of digging (3)
Scrolls
 c - a scroll of fog
 d - a scroll of magic mapping
 e - a scroll of fear
Potions
 f - a potion of haste


   Skills:
 + Level 3.7 Fighting
 + Level 2.4 Axes
 + Level 0.1 Armour
 + Level 2.2 Dodging
 + Level 4.3 Stealth


You couldn't memorise any spells.
You didn't know any spells.
Your spell library was empty.

Dungeon Overview and Level Annotations

Branches:
Dungeon (6/15)
 Temple: D:4-7

Altars:

Annotations:
D:5 Prince Ribbit


Innate Abilities, Weirdness & Mutations

You have a pair of horns on your head.
You reflexively headbutt those who attack you in melee.


Message History

Prince Ribbit hits you but does no damage.
Prince Ribbit completely misses you. You furiously retaliate!
You headbutt Prince Ribbit. Prince Ribbit misses you.
There is an open door here.
Prince Ribbit hops awkwardly around.
Prince Ribbit barely misses you.
Prince Ribbit hits you but does no damage.
Prince Ribbit hits you.
There is a transporter here.
You enter the transporter and appear at another place.
A crimson imp and an ufetubus come into view.
The crimson imp shouts!
The ufetubus completely misses you. You furiously retaliate!
You headbutt the ufetubus. The ufetubus misses you.
Prince Ribbit barely misses you.
The ufetubus hits you but does no damage.
The ufetubus misses you.
Found a book of Spatial Translocations.
You can't go up here!
Your library has no spells.
Found a scroll labelled WASMOE CATZOIW.
Prince Ribbit blinks!
The ufetubus closely misses you. The ufetubus barely misses you.
The crimson imp blinks!
The ufetubus completely misses you. You furiously retaliate!
You headbutt the ufetubus, but do no damage.
The ufetubus hits you. The ufetubus hits you.
* * * LOW HITPOINT WARNING * * *
The ufetubus barely misses you. The ufetubus closely misses you.
You furiously retaliate!
You headbutt the ufetubus!
You kill the ufetubus!
A quasit comes into view.
The quasit gives a chilling moan.
There are no items here.
You barely miss the quasit. The quasit closely misses you.
The quasit claws you but does no damage.
The quasit closely misses you. Prince Ribbit hits you!
You die...

..+ ..# ## ... .....
### .... ##.# ...# ..#
...# #5♣# #..## #♣@.#
#...# ##F### ....#
###..# . ...##.#..#
#..5###....
..©#(..##.?.#.©#......
#..##....#. ##.##.....
#...# .^#. ... ..##
.....# # ##.#. .#
....♣# #..#. #


You could see Prince Ribbit, a quasit and a crimson imp.

Vanquished Creatures
  An ufetubus (D:5)
1 creature vanquished.

Notes
Turn   | Place    | Note
-------+----------+-------------------------------------------
     0 | D:5      | cbfl8 the Minotaur Delver began the quest for the Orb.
     0 | D:5      | Reached XP level 1. HP: 19/19 MP: 0/0
     9 | D:5      | Found a transporter.
    12 | D:5      | Noticed Prince Ribbit
    25 | D:6      | Noticed an iguana
    25 | D:6      | Noticed an ogre
    41 | D:5      | Noticed a crimson imp
    46 | D:5      | Noticed a quasit
    47 | D:5      | Slain by Prince Ribbit

Illustrated notes

Levels and vault maps discovered:
D:5:      layout_gridville, gammafunk_ghost_abyssal_escape, uniq_blork_the_orc,
          uniq_prince_ribbit1
D:6:      corexii_shack_village, layout_cave_pools,
          mainiacjoe_overflow_six_doors_small, fedhas_altar_3,
          nicolae_hepliaklqana_hippocampus, xom_teletrap_fun

Action                   || total
-------------------------++-------
Melee: Hand axe          ||     1
Armor: Leather armour    ||     5
Dodge: Dodged            ||    15
